 Dungeon Crawl Stone Soup version 0.21-a0-538-gd16b88a (webtiles) character file.

143 esteth the Skirmisher (level 5, -2/42 HPs)
             Began as a Barachi Warper on Dec 16, 2017.
             Slain by a gnoll
             ... wielding a +0 spear
              (8 damage)
             ... on level 2 of the Dungeon.
             The game lasted 00:04:14 (2285 turns).

esteth the Skirmisher (Barachi Warper)              Turns: 2285, Time: 00:04:15

Health: -2/42      AC:  4    Str: 12    XL:     5   Next: 25%
Magic:  8/8        EV: 13    Int: 14    God:
Gold:   65         SH:  0    Dex: 12    Spells: 6/8 levels left

rFire    . . .     SeeInvis .   a - +0 mace
rCold    . . .     Gourm    .   (no shield)
rNeg     . . .     Faith    .   b - +0 leather armour
rPois    .         Spirit   .   (no helmet)
rElec    .         Reflect  .   (no cloak)
rCorr    .         Harm     .   (no gloves)
MR       .....                  j - +0 pair of boots (curse)
Stlth    +.........             (no amulet)
HPRegen  0.14/turn              (no ring)
MPRegen  0.11/turn              (no ring)

@: slow
A: +LOS, swims, slowness 1, strong legs 1
a: Hop


You were on level 2 of the Dungeon.
You were very hungry.

You visited 1 branch of the dungeon, and saw 2 of its levels.

You collected 65 gold pieces.

Inventory:

Hand Weapons
 a - a +0 mace (weapon)
Missiles
 e - 5 tomahawks of dispersal (quivered)
Armour
 b - a +0 leather armour (worn)
 j - a cursed +0 pair of boots (worn)
Scrolls
 d - a scroll of blinking
 g - 2 scrolls of magic mapping {unknown}
 h - 3 scrolls of identify {unknown}
 i - a scroll of remove curse {unknown}
 m - a scroll of teleportation {unknown}
Potions
 k - a potion of lignification {unknown}
 n - 2 potions of degeneration {unknown}
 o - a potion of brilliance {unknown}
Books
 c - a book of Spatial Translocations

   Spells                             Type                      Level
   a - Blink                          Translocation                2
   b - Shroud of Golubria             Charms/Translocation         2
   c - Lesser Beckoning               Translocation                3
   d - Gell's Gravitas                Translocation                3
   e - Teleport Other                 Translocation                3
   f - Passage of Golubria            Translocation                4
Comestibles
 f - a bread ration
 l - 2 royal jellies


   Skills:
 + Level 3.9 Fighting
 - Level 2.1 Maces & Flails
 - Level 1.0 Throwing
 + Level 3.3 Armour
 + Level 3.5 Dodging
 - Level 2.1 Spellcasting
 + Level 3.8 Translocations


You had 6 spell levels left.
You knew the following spells:

 Your Spells              Type           Power        Failure   Level  Hunger
a - Blink                 Tloc           N/A          9%          2    ###....


Dungeon Overview and Level Annotations

Branches:
Dungeon (2/15)

Altars:


Innate Abilities, Weirdness & Mutations

Shadows flee at your approach. (+LOS)
You can swim through water.
You cover ground slowly.
You can hop short distances.


Message History

The stone closely misses you. 2 gnolls come into view.
The gnoll shouts!
The gnoll moves out of view.
The kobold throws a stone.
The stone barely misses you.
The gnoll hits you from afar with a spear.
The gnoll misses you.
You hit the gnoll but do no damage. The gnoll barely misses you.
The gnoll misses you.
A frilled lizard comes into view.
You completely miss the gnoll. The gnoll misses you.
The gnoll hits you from afar with a halberd of protection!
You closely miss the gnoll. The gnoll barely misses you. x2
You closely miss the gnoll.
The gnoll hits you from afar with a halberd of protection!
* * * LOW HITPOINT WARNING * * *
The gnoll hits you with a club.
* * * LOW HITPOINT WARNING * * *
The gnoll hits you from afar with a spear!
You die... #.######### #......... #........ #....... #...... ..l..
Kgg

..... #g# #####
#.... #@# #...#
#.... ###.###...#
.... #....##...#
#... #....##.(.#
#####...
#....##...###.......
#....(...<'.'.......
#....##...###.......
#....##...# #.......
###+###..)# #.......


You could see 3 gnolls, a kobold and a frilled lizard.

Vanquished Creatures
  A hound (D:2)
  Jessica (D:2)
  3 gnolls (D:2)
  2 oozes
  3 dart slugs (D:1)
  A leopard gecko (D:1)
  2 giant cockroaches
  6 hobgoblins
  5 jackals (D:2)
  6 bats
  5 frilled lizards
  7 kobolds
  5 rats (D:1)
47 creatures vanquished.

Notes
Turn   | Place    | Note
-------+----------+-------------------------------------------
     0 | D:1      | esteth the Barachi Warper began the quest for the Orb.
     0 | D:1      | Reached XP level 1. HP: 17/17 MP: 3/3
     7 | D:1      | Noticed an iguana
     7 | D:1      | Noticed a soldier ant
     7 | D:1      | Noticed a frost giant
   367 | D:1      | Reached XP level 2. HP: 23/23 MP: 5/5
   860 | D:1      | Reached XP level 3. HP: 28/29 MP: 6/6
  1060 | D:1      | Learned a level 2 spell: Blink
  1145 | D:1      | You fall through a shaft!
  1145 | D:2      | Noticed Jessica
  1171 | D:2      | Killed Jessica
  1171 | D:2      | Reached XP level 4. HP: 15/35 MP: 7/7
  2247 | D:2      | Reached XP level 5. HP: 32/42 MP: 8/8
  2285 | D:2      | Slain by a gnoll

Vault maps used:
D:1:      onia_arrival_zoo_common, minmay_pentomino_p2
D:2:      uniq_crazy_yiuf_cottage, uniq_jessica

Skill      XL: |  1  2  3  4 |
---------------+-------------+-----
Armour         | 2 3 |  3.3
Fighting       | 3 |  3.9
Dodging        | 3 |  3.5
Maces & Flails | |  2.1
Throwing       | |  1.0
Spellcasting   | |  2.1
Translocations | |  3.8

Action                   |  1- 3 |  4- 6 || total
-------------------------+-------+-------++-------
Melee: Mace              |   107 |    95 ||   202
 Stab: Sleeping          |     2 |       ||     2
  Eat: Chunk             |     1 |     3 ||     4
Armor: Leather armour    |    43 |    44 ||    87
Dodge: Dodged            |   103 |   116 ||   219

Table legend:
 A = Spawn XP
 B = Non-spawn XP
 C = Spawn XP percentage of total XP
 D = Spawn monster count
 E = Non-spawn monster count
 F = Spawn count percentage of total count
 G = Total turns spent on level
                    A         B        C        D         E        F      G
               +---------+---------+-------+---------+---------+-------+---------
         Total |       0 |     205 |   0.0 |       0 |      47 |   0.0 |  2285
               +---------+---------+-------+---------+---------+-------+---------
           D:1 |       0 |      50 |   0.0 |       0 |      25 |   0.0 |  1145
           D:2 |       0 |     155 |   0.0 |       0 |      22 |   0.0 |  1140
               +---------+---------+-------+---------+---------+-------+---------
